 Dungeon Crawl Stone Soup version 0.21.1-1-g345015f (webtiles) character file.

211 inc the Caller (level 5, 15/21 HPs)
             Began as a Felid Wizard on Feb 22, 2018.
             Was an Initiate of Sif Muna.
             Quit the game on level 7 of the Dungeon.
             The game lasted 00:14:17 (5933 turns).

inc the Caller (Felid Wizard)                       Turns: 5933, Time: 00:14:18

Health: 15/21      AC:  2    Str:  3    XL:     5   Next: 57%
Magic:  10/10      EV: 17    Int: 22    God:    Sif Muna [......]
Gold:   237        SH:  0    Dex: 14    Spells: 7/10 levels left
                                        Lives:  0   Deaths: 1

rFire    . . .     SeeInvis +     - Unarmed
rCold    . . .     Gourm    .   (shield unavailable)
rNeg     . . .     Faith    .   (armour unavailable)
rPois    .         Spirit   .   (helmet unavailable)
rElec    .         Reflect  .   (cloak unavailable)
rCorr    .         Harm     .   (gloves unavailable)
MR       .....                  (boots unavailable)
Stlth    +++.......             (no amulet)
HPRegen  0.07/turn              (no ring)
MPRegen  0.12/turn              (no ring)

@: quick
A: very small, no armour, no weapons or thrown items, stealth, claws 1, fangs 3,
see invisible, carnivore, speed 1, shaggy fur 2, slow metabolism 1, sharp paws
a: Renounce Religion


You were on level 7 of the Dungeon.
You worshipped Sif Muna.
Sif Muna was noncommittal.
You were not hungry.

You visited 2 branches of the dungeon, and saw 9 of its levels.

You collected 237 gold pieces.

Inventory:

Jewellery
 r - a cursed ring of teleportation {unknown}
Wands
 u - a wand of flame (37)
Scrolls
 c - 5 scrolls of remove curse {unknown}
 e - a scroll of magic mapping {unknown}
 f - 6 scrolls of amnesia {unknown}
 h - a scroll of fear {unknown}
 i - 3 scrolls of teleportation {unknown}
 k - a scroll of immolation {unknown}
 l - a scroll of enchant weapon {unknown}
 m - a scroll of enchant armour {unknown}
 p - a scroll of blinking {unknown}
 q - 5 scrolls of identify {unknown}
 s - 2 scrolls of random uselessness {unknown}
Potions
 d - 2 potions of brilliance {unknown}
 g - a potion of mutation {unknown}
 j - a potion of berserk rage {unknown}
 n - 2 potions of flight {unknown}
 o - a potion of magic {unknown}
 t - a potion of might {unknown}
 v - a potion of resistance {unknown}
Books
 a - a book of Minor Magic

   Spells                             Type                      Level
   a - Magic Dart                     Conjuration                  1
   b - Blink                          Translocation                2
   c - Call Imp                       Summoning                    2
   d - Slow                           Hexes                        2
   e - Conjure Flame                  Conjuration/Fire             3
   f - Mephitic Cloud                 Conjuration/Poison/Air       3
Comestibles
 b - 6 rations


   Skills:
 - Level 2.6 Dodging
 - Level 2.6 Stealth
 - Level 3.3 Unarmed Combat
 - Level 3.0 Spellcasting
 - Level 1.0 Conjurations
 + Level 5.8 Summonings
   Level 1.5 Translocations


You had 7 spell levels left.
You knew the following spells:

 Your Spells              Type           Power        Failure   Level  Hunger
a - Magic Dart            Conj           #...         9%          1    None
b - Call Imp              Summ           ####....     1%          2    ##.....


Dungeon Overview and Level Annotations

Branches:
Dungeon (8/15)             Temple (1/1) D:5
   Lair: D:8-11

Altars:
Ashenzari
Cheibriados
Dithmenos
Fedhas
Gozag
Hepliaklqana
Kikubaaqudgha
Makhleb
Nemelex Xobeh
Okawaru
Qazlal
Ru
Sif Muna
Trog
Uskayaw
Wu Jian
Xom
Yredelemnul
Zin
The Shining One

Annotations:
D:4 1994's ghost, amateur TrMo
D:6 shakethe's ghost, novice DECj
D:7 Autsider's ghost, novice DDFi; Dowan; Menkaure


Innate Abilities, Weirdness & Mutations

You cannot wear armour.
You are incapable of wielding weapons or throwing items.
Your paws allow you to move quietly. (Stealth)
You have sharp claws.
You have razor-sharp teeth.
You have supernaturally acute eyesight. (SInv)
You are carnivorous and can eat meat at any time.
You cover ground quickly.
You are covered in thick fur. (AC +2)
You have a slow metabolism.
Your sharp claws are effective at attacking unaware monsters.


Message History

The centaur barely misses your crimson imp.
Your crimson imp hits the centaur but does no damage.
Your crimson imp blinks!
The centaur hits your crimson imp but does no damage.
Your crimson imp closely misses the centaur.
The centaur closely misses your crimson imp.
The centaur misses your crimson imp.
Your crimson imp completely misses the centaur.
The centaur hits your crimson imp.
Your crimson imp hits the centaur.
The centaur closely misses your crimson imp.
The centaur barely misses your crimson imp.
Your crimson imp barely misses the centaur.
The centaur hits your crimson imp!
Your crimson imp dies!
The centaur hits your crimson imp. The centaur hits your crimson imp.
Your crimson imp hits the centaur.
The centaur barely misses your crimson imp. x2
Your crimson imp hits the centaur.
Your crimson imp disappears in a puff of smoke!
Are you sure you want to abandon this character and quit the game? (Confirm with "yes".)

......#........#.#
#.##### ......#
...... #.# #.....#
.(....###..# #.#
#####.# .........>.#
#.# #.# ##(#5.###..#
#.# #.# #.##c###..#
#.# #.#
#......#(.#####(####
#.#
#####........c....(#
#.#
...#..#..#####@##.#
#.# #.#..#.######.#
# #.#
#.............# #.#
#.##..#...########
#.# ..........# #.#
#.###.....# #.# #
#..._..# # #.#
#.##..(..#.# #.#
.........#.#####


You could see a centaur.

Vanquished Creatures
  A scorpion (D:5)
  A howler monkey (D:4)
  A jelly (D:5)
  2 worker ants
  A hound skeleton (D:6)
  3 adders
  An ooze (D:2)
  2 adder skeletons
  2 dart slugs
  3 leopard geckos
  2 orcs
  4 giant cockroaches
  6 goblins
  A hobgoblin (D:1)
  8 kobolds
  A quokka (D:5)
  2 ball pythons
  11 bats
  3 frilled lizards
  A quokka skeleton (D:4)
  8 rats
64 creatures vanquished.

Vanquished Creatures (collateral kills)
  A big kobold (D:8)
  2 howler monkeys (D:5)
  A jelly (D:8)
  An orc wizard (D:4)
  An iguana (D:4)
  2 worker ants
  An adder zombie (D:5)
  3 worms (D:2)
  9 orcs
  A giant cockroach (D:5)
  A hobgoblin (D:2)
  A bat (D:2)
  A frilled lizard (D:5)
  2 kobolds
27 creatures vanquished.

Grand Total: 91 creatures vanquished

Notes
Turn   | Place    | Note
-------+----------+-------------------------------------------
     0 | D:1      | inc the Felid Wizard began the quest for the Orb.
     0 | D:1      | Reached XP level 1. HP: 7/7 MP: 5/5
    88 | D:1      | Reached skill level 1 in Conjurations
   132 | D:1      | Reached skill level 1 in Unarmed Combat
   407 | D:1      | Reached XP level 2. HP: 11/11 MP: 4/7
   827 | D:1      | Reached XP level 3. HP: 13/14 MP: 1/8
   853 | D:1      | Learned a level 2 spell: Call Imp
  1411 | D:2      | Found a glowing golden altar of the Shining One.
  1728 | D:2      | Found a glowing silver altar of Zin.
  1732 | D:2      | Found a hazy altar of Hepliaklqana.
  1886 | D:2      | Reached XP level 4. HP: 16/18 MP: 1/9
  2096 | D:3      | Found a sparkling altar of Nemelex Xobeh.
  2460 | D:4      | Reached skill level 2 in Summonings
  2938 | D:4      | Noticed 1994's ghost (amateur TrMo)
  3407 | D:4      | Reached skill level 3 in Summonings
  3501 | D:4      | Reached XP level 5. HP: 21/21 MP: 7/10
  3565 | D:5      | Entered Level 5 of the Dungeon
  3914 | D:5      | Reached skill level 4 in Summonings
  4065 | D:5      | Found a staircase to the Ecumenical Temple.
  4072 | Temple   | Entered the Ecumenical Temple
  4225 | Temple   | Became a worshipper of Sif Muna the Loreminder
  4606 | D:5      | Gained mutation: You are covered in thick fur. (AC +2) [Felid growth]
  4606 | D:5      | Reached XP level 6. HP: 24/24 MP: 4/11
  4607 | D:5      | Found an ornate altar of the Wu Jian Council.
  4702 | D:5      | Reached skill level 5 in Summonings
  5306 | D:6      | Noticed shakethe's ghost (novice DECj)
  5458 | D:7      | Noticed Menkaure
  5460 | D:7      | Noticed Dowan
  5507 | D:7      | Noticed Autsider's ghost (novice DDFi)
  5553 | D:7      | Found a sacrificial altar of Ru.
  5885 | D:7      | Shot with an arrow by a centaur
  5886 | D:7      | Reached XP level 5. HP: -4/21 MP: 1/10
  5933 | D:7      | Quit the game

Skill      XL: |  1  2  3  4  5  6 |
---------------+-------------------+-----
Conjurations   | 1 |  1.0
Unarmed Combat | 1 2 3 |  3.3
Summonings     | 3 4 5 |  5.8
Dodging        | |  2.6
Stealth        | |  2.6
Spellcasting   | |  3.0
Translocations | |  1.5

Action                   |  1- 3 |  4- 6 || total
-------------------------+-------+-------++-------
Melee: Unarmed           |    38 |    41 ||    79
       Bite              |       |     3 ||     3
 Cast: Magic Dart        |    84 |    61 ||   145
       Call Imp          |    12 |    58 ||    70
 Stab: Sleeping          |     3 |     5 ||     8
  Eat: Chunk             |     4 |     8 ||    12
Armor: Skin              |     5 |     2 ||     7
Dodge: Dodged            |    53 |    76 ||   129
